 Dungeon Crawl Stone Soup version 0.20-a0-925-g2efaa84 (webtiles) character file.

19 AlphabetPasta the Scratcher (level 2, 0/12 HPs)
             Began as a Felid Transmuter on Mar 28, 2017.
             Slain by a kobold
             ... wielding a cursed -3 short sword
              (4 damage)
             ... on level 2 of the Dungeon.
             The game lasted 00:03:36 (1018 turns).

AlphabetPasta the Scratcher (Felid Transmuter)      Turns: 1018, Time: 00:03:36

Health: 0/12       AC:  1    Str:  6    XL:     2   Next: 55%
Magic:  6/6        EV: 18    Int: 14    God:
Gold:   79         SH:  0    Dex: 16    Spells: 2/5 levels left
                                        Lives:  0   Deaths: 0

rFire    . . .     SeeInvis +     - Unarmed
rCold    . . .     Gourm    .   (shield unavailable)
rNeg     . . .     Faith    .   (armour unavailable)
rPois    .         Spirit   .   (helmet unavailable)
rElec    .         Reflect  .   (cloak unavailable)
rCorr    .         Harm     .   (gloves unavailable)
MR       .....                  (boots unavailable)
Stlth    ++........             (no amulet)
Regen    0.1/turn               (no ring)
MPRegen  0.1/turn               (no ring)

@: appendage (expiring), quick
A: no armour, no weapons or thrown items, stealth, claws 1, fangs 3, horns 2,
see invisible, carnivore 3, speed 1, shaggy fur 1, slow metabolism 1, sharp paws
a: End Transformation


You were on level 2 of the Dungeon.
You were completely stuffed.
You had grown temporary horns.
You visited 1 branch of the dungeon, and saw 2 of its levels.

You collected 79 gold pieces.

Inventory:

Missiles
 a - 49 arrows
Scrolls
 d - a scroll of remove curse
Potions
 e - a potion of magic {unknown}
 f - a potion of might {unknown}
 j - a potion of curing {unknown}
 k - a potion of mutation {unknown}
 l - a potion of degeneration {unknown}
Books
 b - a book of Changes

   Spells                             Type                      Level
   a - Beastly Appendage              Transmutation                1
   b - Sticks to Snakes               Transmutation                2
   c - Spider Form                    Transmutation/Poison         3
   d - Ice Form                       Ice/Transmutation            4
   e - Blade Hands                    Transmutation                5
Comestibles
 c - a meat ration
 h - a royal jelly


   Skills:
 + Level 1.6 Fighting
 + Level 3.0 Dodging
 + Level 1.3 Stealth
 * Level 3.2 Unarmed Combat
 + Level 2.0 Spellcasting
 * Level 2.3 Transmutations


You had 2 spell levels left.
You knew the following spells:

 Your Spells              Type           Power        Failure   Level  Hunger
a - Beastly Appendage     Tmut           #.....       12%         1    ##.....
b - Sticks to Snakes      Tmut           #.......     17%         2    ###....


Dungeon Overview and Level Annotations

Branches:
Dungeon (2/15)

Altars:


Innate Abilities, Weirdness & Mutations

You cannot wear armour.
You are incapable of wielding weapons or throwing items.
Your paws allow you to move quietly. (Stealth)
You have sharp claws.
You have razor-sharp teeth.
You have supernaturally acute eyesight. (SInv)
You are carnivorous and can eat meat at any time.
You cover ground quickly.
You are covered in fur. (AC +1)
You have a slow metabolism.
Your sharp claws are effective at attacking unaware monsters.
You have a pair of horns on your head.


Message History

The giant cockroach closely misses you.
You closely miss the giant cockroach. You bite the giant cockroach.
The giant cockroach is severely wounded.
The giant cockroach completely misses you.
You scratch the giant cockroach but do no damage.
The giant cockroach is severely wounded.
The giant cockroach closely misses you.
You barely miss the giant cockroach. You headbutt the giant cockroach.
You kill the giant cockroach!
The kobold throws a stone.
The stone closely misses you.
Your transformation is almost over.
The kobold hits you with a short sword!
Ouch! That really hurt!
There is an open door here.
You closely miss the kobold. You headbutt the kobold.
The kobold is heavily wounded.
You barely miss the kobold. You headbutt the kobold.
The kobold is severely wounded.
The kobold hits you with a short sword.
You die...

#.#....# ##§§§§§.#
#.#....# #.§§§§§.#
#.#....# #.§§§§..#
#.#....# #.§§§§..#
.......# #.############
#.#.#######.# .......
#............ .......
###.#############.......
..........(....(@K......
.........###.####.......
.........# #.# .......
.........# #'# #######
#####..### ... ##.# ...
#.# ..... #.. .....
###.###


You could see a kobold.

Vanquished Creatures
  2 bats
  3 giant cockroaches
  2 goblins (D:1)
  4 hobgoblins
  2 kobolds (D:1)
  3 rats (D:1)
16 creatures vanquished.

Notes
Turn   | Place    | Note
-------+----------+-------------------------------------------
     0 | D:1      | AlphabetPasta the Felid Transmuter began the quest for the Orb.
     0 | D:1      | Reached XP level 1. HP: 9/9 MP: 4/4
   239 | D:1      | Reached skill level 1 in Stealth
   259 | D:1      | Reached XP level 2. HP: 11/12 MP: 4/6
   272 | D:1      | Learned a level 2 spell: Sticks to Snakes
  1018 | D:2      | Slain by a kobold

Vault maps used:
D:1:      minmay_arrival_glassed_features, supply_closet_lemuel

Skill      XL: |  1  2 |
---------------+-------+-----
Stealth        | 1 |  1.3
Dodging        | 3 |  3.0
Fighting       | |  1.6
Unarmed Combat | |  3.2
Spellcasting   | |  2.0
Transmutations | |  2.3

Action                   || total
-------------------------++-------
Melee: Unarmed           ||    53
       Headbutt          ||     9
       Punch             ||     2
       Bite              ||     2
 Cast: Beastly Appendage ||    10
  Use: Scroll            ||     3
 Stab: Sleeping          ||     3
  Eat: Chunk             ||     8
Armor: Skin              ||     5
Dodge: Dodged            ||    38
